Map: [ESL] Tropical Sacrifice

Players

Control

  • Race: Terran Terran
  • Spawn Location: 7:00

Aristori - Winner!

  • Race: Zerg Zerg
  • Spawn Location: 1:00

Event: DreamHack SC2 Masters 2022 Valencia

VOD

Have the link to the VOD?

Description

Time

  • Played on: July 1, 2022, 5:28 a.m.
  • Length: 11:13

All games in this series

Show
View Real Time Build Order
Export as new Build Order

Control Terran 

Build Orders:  

Get SALT Encoding   

  12  0:00  SCV  
  13  0:12  SCV  
  14  0:18  Supply Depot  
  14  0:24  SCV  
  15  0:40  SCV  
  16  0:43  Barracks  
  16  0:48  Refinery  
  16  0:52  SCV  
  17  1:04  SCV  
  18  1:16  SCV  
  19  1:30  Orbital Command  
  19  1:31  Barracks Reactor  
  19  1:42  Command Center  
  19  1:54  Supply Depot  
  19  1:55  SCV  
  20  2:07  SCV, Marine x2  
  23  2:13  Barracks  
  23  2:20  SCV  
  24  2:25  Barracks  
  24  2:27  Marine  
  25  2:30  Marine  
  25  2:35  SCV  
  27  2:47  SCV, Marine  
  27  2:48  Marine  
  30  2:54  Orbital Command  
  30  2:59  SCV  
  30  3:03  Barracks Tech Lab  
  31  3:11  SCV  
  32  3:14  Supply Depot, Marine x2, Barracks Tech Lab  
  34  3:20  SCV  
  34  3:22  Marine  
  34  3:23  SCV  
  36  3:29  Stimpack  
  36  3:31  Marine  
  36  3:33  SCV, Combat Shield  
  38  3:35  SCV  
  38  3:36  Marine  
  40  3:41  Marine  
  40  3:45  SCV, Marine  
  40  3:47  SCV  
  44  3:49  Supply Depot  
  44  3:57  SCV  
  44  3:58  Marine  
  44  3:59  SCV  
  44  4:01  Refinery  
  47  4:03  Marine  
  47  4:06  Marine x2  
  47  4:07  Supply Depot  
  47  4:09  SCV  
  51  4:12  SCV  
  51  4:15  Factory  
  52  4:20  Marine  
  52  4:21  SCV, Marine  
  52  4:24  SCV  
  56  4:29  Marine  
  56  4:30  Marine  
  58  4:32  Supply Depot  
  58  4:33  SCV  
  58  4:36  SCV  
  58  4:38  Marine  
  61  4:39  Marine  
  61  4:45  SCV  
  63  4:48  SCV  
  63  4:50  Command Center  
  64  4:53  Marine  
  64  4:54  Marine  
  64  4:57  SCV  
  64  4:59  Starport  
  67  5:01  Factory Reactor  
  67  5:02  Marine  
  67  5:03  Marine  
  69  5:08  SCV  
  69  5:09  SCV  
  69  5:11  Marine  
  69  5:12  Marine  
  73  5:16  Supply Depot  
  73  5:19  Refinery  
  73  5:20  SCV  
  73  5:21  Refinery, Marine  
  74  5:25  Marine  
  76  5:29  Marine  
  66  5:44  Marine x3  
  66  5:48  SCV  
  66  5:49  SCV  
  65  5:53  Factory Reactor, Medivac x2  
  65  5:54  Marine  
  70  5:58  Engineering Bay  
  70  5:59  Engineering Bay  
  70  6:01  SCV x2  
  70  6:02  Orbital Command  
  72  6:06  Marine  
  72  6:07  Marine, Supply Depot  
  72  6:09  Marine  
  75  6:15  Supply Depot, Marine  
  75  6:18  SCV  
  77  6:24  Marine  
  77  6:25  Orbital Command, Terran Infantry Weapons Level 1  
  78  6:26  Terran Infantry Armor Level 1  
  78  6:31  Marine  
  78  6:32  Marine  
  80  6:33  SCV, Marine  
  80  6:34  SCV  
  83  6:41  Widow Mine  
  83  6:42  Marine  
  83  6:44  Widow Mine  
  83  6:45  SCV  
  89  6:47  SCV  
  89  6:49  Marine  
  89  6:50  SCV, Marine  
  93  6:57  Supply Depot  
  93  6:58  SCV  
  93  6:59  SCV  
  93  7:00  Marine, Supply Depot  
  93  7:01  Marine  
  97  7:04  Medivac x2  
  101  7:12  Widow Mine x2  
  101  7:15  SCV  
  106  7:17  SCV  
  107  7:25  SCV  
  107  7:27  SCV  
  107  7:28  Marine  
  107  7:29  SCV  
  111  7:31  Barracks, Supply Depot, Marine x2  
  111  7:32  Barracks  
  111  7:33  Marine  
  105  7:37  SCV  
  105  7:39  SCV  
  105  7:41  SCV  
  105  7:42  Supply Depot  
  105  7:43  Supply Depot  
  108  7:44  Supply Depot  
  108  7:46  Marine  
  108  7:49  Medivac, Marine x2, Widow Mine x2  
  108  7:50  Medivac  
  108  7:51  Marine  
  119  7:52  Supply Depot  
  119  7:57  Armory  
  120  7:58  SCV  
  120  7:59  SCV  
  120  8:03  Marine  
  123  8:07  Marine x2  
  123  8:09  SCV, Marine  
  123  8:10  Widow Mine  
  129  8:16  Widow Mine  
  125  8:21  Marine  
  125  8:23  Marine  
  125  8:24  Marine  
  125  8:25  SCV x2, Marine x2  
  125  8:26  SCV, Marine  
  98  8:37  SCV x2  
  98  8:39  Marine  
  100  8:42  Marine, Widow Mine x2  
  100  8:43  Barracks Reactor x2, Marine  
  100  8:44  Marine  
  100  8:45  SCV  
  100  8:47  Supply Depot  
  108  8:49  SCV x2, Terran Infantry Weapons Level 2  
  108  8:51  Terran Infantry Armor Level 2  
  107  8:57  SCV, Marine  
  107  9:00  Marine x2  
  107  9:01  SCV x2  
  107  9:02  Marine  
  109  9:08  Widow Mine  
  102  9:10  SCV, Medivac x2  
  102  9:13  SCV x2  
  102  9:15  Marine  
  99  9:18  Marine x2  
  99  9:20  Marine  
  99  9:22  SCV, Marine  
  104  9:24  Factory  
  104  9:25  SCV, Marine x2  
  104  9:26  Marine  
  104  9:27  SCV  
  109  9:33  Marine  
  109  9:34  SCV  
  109  9:35  Widow Mine  
  109  9:36  Marine x2  
  109  9:37  SCV  
  109  9:38  Marine  
  117  9:39  SCV  
  117  9:40  Marine  
  117  9:41  Medivac, Widow Mine  
  117  9:43  Supply Depot, Marine x2  
  125  9:46  SCV  
  125  9:47  Marine  
  125  9:49  SCV  
  125  9:50  Marine  
  129  9:54  Marine x2  
  129  9:55  Marine  
  129  9:57  Marine  
  129  9:59  SCV  
  114  10:00  SCV, Marine  
  114  10:01  Marine  
  114  10:02  SCV  
  114  10:05  Marine  
  113  10:08  Marine  
  113  10:11  SCV  
  113  10:12  SCV, Marine x2  
  113  10:13  Marine  
  105  10:15  SCV, Marine  
  105  10:18  Marine  
  105  10:19  Marine  
  98  10:23  SCV, Marine  
  98  10:24  SCV  
  98  10:26  Marine  
  98  10:27  SCV  
  103  10:29  Marine x2, Supply Depot  
  103  10:31  Marine  
  103  10:33  Marine  
  103  10:35  SCV  
  108  10:36  SCV, Marine  
  108  10:37  Marine  
  108  10:41  Marine  
  112  10:43  SCV, Factory Tech Lab  
  112  10:47  SCV  
  112  10:48  SCV  
  115  10:51  Widow Mine  
  115  10:55  SCV  
  114  10:59  SCV  
  114  11:00  SCV  
Show
View Real Time Build Order
Export as new Build Order

Aristori Zerg - Winner!

Build Orders: Hatch First 

Get SALT Encoding   

  12  0:00  Drone  
  13  0:12  Overlord  
  13  0:17  Drone  
  14  0:31  Drone x2  
  16  0:49  Hatchery  
  15  0:53  Drone  
  15  0:56  Drone  
  17  0:59  Drone  
  18  1:10  Extractor  
  17  1:15  Spawning Pool  
  17  1:18  Drone  
  17  1:21  Drone  
  18  1:28  Drone  
  19  1:39  Drone  
  20  1:50  Overlord  
  20  2:01  Queen x2  
  20  2:02  Zergling x2  
  20  2:03  Zergling x2  
  26  2:11  Drone  
  26  2:13  Drone  
  26  2:14  Metabolic Boost  
  28  2:25  Drone x2  
  30  2:37  Hatchery  
  30  2:43  Drone x2  
  31  2:48  Queen  
  33  2:56  Overlord  
  33  2:57  Drone  
  34  3:00  Drone  
  34  3:01  Drone  
  36  3:09  Overlord  
  36  3:14  Drone  
  36  3:15  Drone x2  
  36  3:17  Queen  
  41  3:21  Overlord  
  41  3:23  Drone  
  42  3:28  Queen  
  44  3:34  Drone  
  44  3:35  Drone x2  
  44  3:39  Drone  
  48  3:48  Drone x3  
  50  3:51  Queen  
  52  3:57  Drone  
  52  3:58  Drone x2  
  55  4:03  Overlord  
  55  4:04  Zergling x8  
  55  4:08  Overlord  
  59  4:14  Queen  
  62  4:17  Drone x3  
  62  4:22  Overlord  
  62  4:23  Overlord  
  64  4:30  Overlord  
  64  4:34  Queen  
  64  4:36  Drone x5  
  71  4:41  Baneling Nest  
  71  4:44  Zergling x8  
  74  4:45  Zergling x2  
  74  4:46  Zergling x2  
  76  4:53  Zergling x10  
  76  4:59  Zergling x4  
  83  5:07  Zergling x8  
  83  5:09  Overlord  
  86  5:20  Zergling x6  
  86  5:21  Queen  
  89  5:23  Lair  
  91  5:35  Drone x8, Hatchery  
  91  5:36  Drone x2  
  91  5:42  Extractor x2  
  87  5:44  Drone x2  
  89  5:54  Extractor x2  
  89  5:55  Evolution Chamber, Overlord  
  86  5:57  Evolution Chamber  
  86  5:59  Drone x3  
  86  6:00  Drone x3  
  90  6:10  Drone x6  
  96  6:20  Drone  
  96  6:21  Drone x4  
  101  6:27  Hatchery  
  101  6:28  Centrifugal Hooks, Zerg Ground Armor Level 1  
  101  6:29  Zerg Melee Weapons Level 1  
  100  6:33  Drone  
  100  6:34  Drone x5  
  100  6:37  Overlord x2  
  106  6:42  Overlord x2  
  106  6:44  Zergling x2  
  106  6:45  Zergling x8  
  110  6:56  Zergling x8  
  110  6:59  Baneling x9  
  114  7:01  Hatchery  
  113  7:09  Zergling x20  
  113  7:10  Zergling x2  
  124  7:16  Baneling  
  124  7:17  Baneling x6, Zergling x2  
  124  7:18  Zergling x4  
  127  7:25  Zergling x6  
  130  7:36  Zergling x24  
  141  7:45  Infestation Pit  
  141  7:46  Pneumatized Carapace, Baneling x6  
  141  7:47  Overseer x3  
  141  7:49  Zergling x14  
  146  7:56  Baneling x12  
  146  8:02  Drone  
  145  8:07  Zergling x34  
  145  8:08  Zergling x2  
  145  8:09  Overseer x2  
  145  8:10  Overseer  
  149  8:23  Zergling x6  
  149  8:24  Zergling x8  
  142  8:36  Zergling x32  
  142  8:37  Baneling x3  
  155  8:43  Drone  
  155  8:44  Spore Crawler, Drone x5  
  155  8:45  Spore Crawler  
  155  8:47  Zerg Ground Armor Level 2, Zerg Melee Weapons Level 2  
  159  8:58  Zergling x22  
  166  9:08  Drone x8  
  165  9:12  Zergling x12  
  165  9:14  Baneling  
  165  9:15  Baneling x6  
  165  9:16  Baneling  
  169  9:17  Baneling  
  169  9:21  Overlord  
  169  9:22  Overlord  
  169  9:24  Overlord  
  169  9:29  Hive  
  169  9:30  Baneling  
  169  9:31  Baneling x9  
  169  9:35  Zergling x4  
  171  9:43  Spore Crawler  
  171  9:45  Spore Crawler  
  169  9:47  Zergling x8  
  169  9:48  Zergling x18  
  169  9:51  Baneling x6  
  172  10:03  Zergling x26  
  172  10:04  Zergling x4  
  171  10:22  Zergling x2  
  171  10:23  Zergling x42  
  171  10:24  Zergling x2  
  171  10:26  Baneling x4  
  193  10:29  Overlord  
  193  10:35  Overlord  
  193  10:42  Baneling x7  
  193  10:49  Baneling x22  
  193  10:50  Overseer  
  193  10:51  Overseer  

Tags
 
Add a new tag
Caveats
  • Supply blocks, unpowered buildings, or Contaminate may cause inaccurate times.
  • Supply counts are checked every 10 seconds.